 Dungeon Crawl Stone Soup version 0.31-a0-267-g3fc6992b3b (webtiles) character file.

Game seed: 13780493979011850778

9738 qw the Skirmisher (level 11, -3/99 HPs)
             Began as a Minotaur Hexslinger on July 14, 2023.
             Was a Priest of Okawaru.
             Slain by a torpor snail (19 damage)
             ... on level 1 of the Lair of Beasts.
             The game lasted 00:03:44 (7069 turns).

qw the Skirmisher (Minotaur Hexslinger)             Turns: 7069, Time: 00:03:45

Health: -3/99      AC:  6    Str: 14    XL:     11   Next: 27%
Magic:  11/13      EV: 25    Int: 22    God:    Okawaru [***...]
Gold:   706        SH:  0    Dex: 18    Spells: 11/12 levels left

rFire   . . .        Y - +3 triple crossbow (flame)
rCold   . . .        (shield currently unavailable)
rNeg    . . .        e - +4 robe of Augmentation {Str+4 Int+4 Dex+4}
rPois   .            (helmet unavailable)
rElec   .            (no cloak)
rCorr   .            (no gloves)
SInv    .            (no boots)
Will    +....        (no amulet)
Stlth   +++          j - +5 ring of evasion
HPRegen 0.36/turn    d - ring of willpower
MPRegen 0.13/turn

%: no passive effects
@: heroic, slowed, very slow
A: horns 3, retaliatory headbutt, talons 1, clever 2, weak 1
a: Renounce Religion, Heroism


You were on level 1 of the Lair of Beasts.
You worshipped Okawaru.
Okawaru was most pleased with you.
You visited 3 branches of the dungeon, and saw 11 of its levels.
You also visited: Ossuary.

You collected 734 gold pieces.
You spent 28 gold pieces at shops.


Innate Abilities, Weirdness & Mutations

You have a pair of large horns on your head.
You reflexively headbutt those who attack you in melee.
You have sharp toenails.
Your mind is very acute. (Int +8, Str/Dex -2)
You are weak. (Str -2)


   Skills:
 - Level 10.0(15.0) Fighting
 + Level 14.7(19.7) Ranged Weapons
 - Level 2.2(7.2) Armour
 - Level 7.3(12.3) Dodging
 - Level 1.0 Spellcasting
 - Level 2.0 Hexes
 + Level 4.2 Invocations


You had 11 spell levels left.
You knew the following spells:

 Your Spells              Type           Power      Damage    Failure   Level
a - Slow                  Hex            36%        N/A       7%          1

Your spell library contained the following spells:

 Spells                   Type           Power      Damage    Failure   Level
 Inner Flame              Hex/Fire       5%         N/A       30%         3
 Portal Projectile        Hex/Tloc       10%        N/A       30%         3
 Cause Fear               Hex            4%         N/A       54%         4

Inventory:

Hand Weapons
 Y - a +3 triple crossbow of flaming (weapon)
Armour
 e - the +4 robe of Augmentation (worn) {Str+4 Int+4 Dex+4}
   (You found it on level 2 of the Dungeon)

   Str:       It affects your strength (+4).
   Int:       It affects your intelligence (+4).
   Dex:       It affects your dexterity (+4).
Jewellery
 d - a ring of willpower (right hand)
 j - a +5 ring of evasion (left hand)
 q - a +6 ring of strength
Wands
 r - a wand of digging (4)
Scrolls
 a - 4 scrolls of identify
 m - 7 scrolls of teleportation
Potions
 b - a potion of magic
 f - 2 potions of haste
 g - 4 potions of curing
 h - a potion of might
 i - 4 potions of heal wounds
 k - a potion of mutation
 n - 2 potions of cancellation
 p - 2 potions of resistance
 s - a potion of enlightenment

Dungeon Overview and Level Annotations

Branches:
Dungeon (9/15)             Temple (1/1) D:5            Lair (1/5) D:9
    Orc (0/2) D:9         Ossuary (visited)

Altars:
Ashenzari
Cheibriados
Dithmenos
Fedhas
Gozag
Hepliaklqana
Kikubaaqudgha
Makhleb
Nemelex Xobeh
Okawaru
Qazlal
Ru
Sif Muna
Trog
Uskayaw
Wu Jian
Xom
Yredelemnul
Zin

Shops:
D:2 *


Message History

You kill the black mamba!
Okawaru accepts your kill.
You can now speed up your combat.
You hear a bellow!
A yak comes into view.
The yak completely misses you. You furiously retaliate!
You headbutt the yak. The yak barely misses you. You furiously retaliate!
You headbutt the yak. The yak gores you! The yak misses you. The yak gores you.
You shoot a bolt. The bolt barely misses the yak.
You feel yourself speed up. The yak misses you. The yak completely misses you.
You furiously retaliate!
You headbutt the yak! The yak misses you. The yak closely misses you.
The yak completely misses you. You furiously retaliate!
You headbutt the yak! The yak barely misses you.
You shoot a bolt.
The bolt hits the yak but does no damage.
The yak is almost dead.
The yak completely misses you. The yak closely misses you.
The yak completely misses you.
You shoot a bolt. The bolt hits the yak!
The bolt burns the yak.
You kill the yak!
Okawaru accepts your kill. The yak completely misses you.
You furiously retaliate!
You headbutt the yak!
Being near the torpor snail leaves you feeling lethargic.
The yak completely misses you. x2
You shoot a bolt. The bolt hits the yak!!
The bolt burns the yak.
You kill the yak!
Okawaru accepts your kill. The yak closely misses you.
The yak barely misses you. x2
The yak completely misses you. You furiously retaliate!
You headbutt the yak! You shoot a bolt. The bolt hits the yak!
The bolt burns the yak.
The yak is severely wounded.
You feel like a meek peon again. The yak gores you.
The yak completely misses you. The yak misses you. The yak closely misses you.
You furiously retaliate!
You headbutt the yak!
7069 ||| INVOKING Heroism.
You gain the combat prowess of a mighty hero.
You can no longer speed up your combat.
The torpor snail barely misses you. The yak gores you. The yak gores you!
The torpor snail bites you!!
You die...

........# .......##
........# #######
###..#..####..##.#
.####....#.....=.###
## ##.....(......#
#...##.......##
######...###...YY.###
#..#....##
##.Yw@..P## ....#####
##.###...# ...#.#
#.!##.#.### .#####
#....####..# .# #....
. #### .# #... #. . .
#


You could see a torpor snail and 3 yaks.

Vanquished Creatures
  Gastronok (D:8)
  Erolcha (D:9)
  Erica (D:9)
  A boulder beetle (Lair:1)
  A black mamba (Lair:1)
  A komodo dragon (D:9)
  Grinder (D:5)
  6 yaks (Lair:1)
  A wyvern (D:7)
  2 steam dragons
  Menkaure (D:5)
  6 water moccasins
  Duvessa (D:5)
  6 orc warriors
  3 black bears
  2 ice beasts (D:8)
  4 ogres
  A centaur (D:9)
  2 phantoms
  2 kobold brigands
  Blork the orc (D:6)
  7 bullfrogs
  4 scorpions
  2 water moccasin zombies (Ossuary)
  Dowan (D:5)
  10 killer bees (D:9)
  A crimson imp (D:6)
  2 hounds
  6 jellies
  5 orc priests
  2 sleepcaps (D:5)
  A gnoll bouda (D:7)
  Terence (D:2)
  2 iguanas
  Natasha (thrice) (D:2)
  4 orc wizards
  2 mummies (Ossuary)
  8 adders
  A white imp (D:5)
  4 adder zombies (Ossuary)
  3 worms
  3 dart slugs
  34 orcs
  6 ball pythons
  5 endoplasms
  5 giant cockroaches
  9 goblins
  7 hobgoblins
  2 quokkas
  2 bats
  3 frilled lizards
  3 gnoll zombies (Ossuary)
  7 hobgoblin zombies (Ossuary)
  14 kobolds
  9 kobold zombies (Ossuary)
  5 orc zombies (Ossuary)
  4 rats
232 creatures vanquished.

Notes
Turn   | Place    | Note
-------+----------+-------------------------------------------
     0 | D:1      | qw the Minotaur Hexslinger began the quest for the Orb.
     0 | D:1      | Reached XP level 1. HP: 16/16 MP: 1/1
     0 | D:1      | 0 ||| qw: Version: 0.3-a-52-g30416fa
     0 | D:1      | 0 ||| qw: Game counter: 7873
     0 | D:1      | 0 ||| qw: Melee chars always use a shield: true
     0 | D:1      | 0 ||| qw: God list: Okawaru
     0 | D:1      | 0 ||| qw: Allow faded altars: false
     0 | D:1      | 0 ||| qw: Do Orc after clearing Dungeon:15 true
     0 | D:1      | 0 ||| qw: Do second Lair branch before Depths: true
     0 | D:1      | 0 ||| qw: Lair rune preference: random
     0 | D:1      | 0 ||| qw: Goals: Normal
     0 | D:1      | 0 ||| PLANNING D:1-11
   119 | D:1      | Reached skill level 3 in Ranged Weapons
   119 | D:1      | Reached XP level 2. HP: 21/23 MP: 2/2
   671 | D:1      | 671 ||| UPGRADING to +0 ring mail.
   681 | D:1      | 681 ||| DROPPING +0 robe.
   682 | D:1      | 682 ||| UPGRADING to +5 ring of evasion.
   683 | D:1      | 683 ||| READING 2 scrolls labelled CEIWAIWNEC.
   684 | D:1      | 684 ||| READING scroll labelled FISTIOL KUSA.
   684 | D:1      | Identified a scroll of acquirement
   684 | D:1      | 684 ||| ACQUIRING +3 heavy arbalest
   684 | D:1      | Acquired a +3 heavy arbalest
   686 | D:1      | 686 ||| SWAPPING to +3 heavy arbalest.
   687 | D:1      | 687 ||| DROPPING +1 sling.
   688 | D:1      | 688 ||| READING scroll labelled PUAQYI FAOL.
   689 | D:1      | 689 ||| DROPPING scroll of poison.
   710 | D:2      | Found the +4 robe of Augmentation {Str+4 Int+4 Dex+4}
   740 | D:2      | Noticed Terence
   744 | D:2      | Killed Terence
   745 | D:2      | Reached skill level 4 in Ranged Weapons
   745 | D:2      | Reached XP level 3. HP: 29/29 MP: 3/3
   889 | D:2      | Noticed Natasha
   890 | D:2      | Killed Natasha
   891 | D:2      | Reached XP level 4. HP: 36/36 MP: 4/4
  1003 | D:2      | Found Lioz Tysch's General Store.
  1009 | D:2      | 1009 ||| SHOPLISTING ring of ice (350 gold, have 125).
  1009 | D:2      | 1009 ||| BUYING scroll of identify (28 gold).
  1009 | D:2      | Bought a scroll of identify for 28 gold pieces
  1129 | D:2      | Noticed Natasha
  1130 | D:2      | Killed Natasha
  1281 | D:2      | Noticed Natasha
  1282 | D:2      | Killed Natasha
  1326 | D:2      | 1326 ||| UPGRADING to +4 robe of Augmentation {Str+4 Int+4
                  | Dex+4}.
  1336 | D:2      | 1336 ||| DROPPING +0 ring mail.
  1337 | D:2      | 1337 ||| DROPPING ring of wizardry.
  1338 | D:2      | 1338 ||| READING scroll labelled SAGHIKHIMOI.
  1339 | D:2      | 1339 ||| READING scroll labelled TIDIF SADWOMI.
  1340 | D:2      | 1340 ||| READING 4 scrolls of identify.
  1340 | D:2      | 1340 ||| IDENTIFYING pink potion
  1341 | D:2      | 1341 ||| READING 3 scrolls of identify.
  1341 | D:2      | 1341 ||| IDENTIFYING glowing orange potion
  1342 | D:2      | 1342 ||| READING 2 scrolls of identify.
  1342 | D:2      | 1342 ||| IDENTIFYING yellow potion
  1343 | D:2      | 1343 ||| DROPPING potion of brilliance.
  1354 | D:3      | Found a bloodstained altar of Trog.
  1372 | D:3      | Reached skill level 5 in Ranged Weapons
  1400 | D:3      | Reached XP level 5. HP: 41/41 MP: 5/5
  1433 | D:3      | You fall into a shaft and drop 2 floors!
  1433 | D:5      | Entered Level 5 of the Dungeon
  1443 | D:5      | Noticed Duvessa
  1445 | D:5      | Killed Duvessa
  1446 | D:5      | Noticed Dowan
  1447 | D:5      | Killed Dowan
  1448 | D:5      | Reached XP level 6. HP: 53/53 MP: 6/6
  1455 | D:5      | 1455 ||| READING scroll labelled ZOZILOL JUVUTT.
  1462 | D:5      | 1462 ||| Stepping randomly (stuck).
  1463 | D:5      | 1463 ||| Stepping randomly (stuck).
  1464 | D:5      | 1464 ||| Stepping randomly (stuck).
  1465 | D:5      | 1465 ||| Stepping randomly (stuck).
  1466 | D:5      | 1466 ||| Stepping randomly (stuck).
  1467 | D:5      | 1467 ||| Stepping randomly (stuck).
  1468 | D:5      | 1468 ||| Stepping randomly (stuck).
  1469 | D:5      | 1469 ||| Stepping randomly (stuck).
  1470 | D:5      | 1470 ||| Stepping randomly (stuck).
  1471 | D:5      | 1471 ||| Stepping randomly (stuck).
  1472 | D:5      | 1472 ||| Stepping randomly (stuck).
  1473 | D:5      | 1473 ||| Stepping randomly (stuck).
  1474 | D:5      | 1474 ||| Stepping randomly (stuck).
  1475 | D:5      | 1475 ||| Stepping randomly (stuck).
  1476 | D:5      | 1476 ||| Stepping randomly (stuck).
  1477 | D:5      | 1477 ||| Stepping randomly (stuck).
  1479 | D:5      | 1479 ||| UPGRADING to ring of willpower.
  1480 | D:5      | 1480 ||| Stepping randomly (stuck).
  1481 | D:5      | 1481 ||| Stepping randomly (stuck).
  1482 | D:5      | 1482 ||| Stepping randomly (stuck).
  1483 | D:5      | 1483 ||| Stepping randomly (stuck).
  1484 | D:5      | 1484 ||| Stepping randomly (stuck).
  1485 | D:5      | 1485 ||| Stepping randomly (stuck).
  1486 | D:5      | 1486 ||| Stepping randomly (stuck).
  1487 | D:5      | 1487 ||| Stepping randomly (stuck).
  1488 | D:5      | 1488 ||| Stepping randomly (stuck).
  1489 | D:5      | 1489 ||| Stepping randomly (stuck).
  1490 | D:5      | 1490 ||| Stepping randomly (stuck).
  1491 | D:5      | 1491 ||| Stepping randomly (stuck).
  1492 | D:5      | 1492 ||| Stepping randomly (stuck).
  1493 | D:5      | 1493 ||| Stepping randomly (stuck).
  1494 | D:5      | 1494 ||| Stepping randomly (stuck).
  1495 | D:5      | 1495 ||| Stepping randomly (stuck).
  1496 | D:5      | 1496 ||| Stepping randomly (stuck).
  1497 | D:5      | 1497 ||| Stepping randomly (stuck).
  1498 | D:5      | 1498 ||| Stepping randomly (stuck).
  1499 | D:5      | 1499 ||| Stepping randomly (stuck).
  1500 | D:5      | 1500 ||| Stepping randomly (stuck).
  1501 | D:5      | 1501 ||| Stepping randomly (stuck).
  1502 | D:5      | 1502 ||| Stepping randomly (stuck).
  1503 | D:5      | 1503 ||| Stepping randomly (stuck).
  1504 | D:5      | 1504 ||| Stepping randomly (stuck).
  1505 | D:5      | 1505 ||| Stepping randomly (stuck).
  1506 | D:5      | 1506 ||| Stepping randomly (stuck).
  1507 | D:5      | 1507 ||| Stepping randomly (stuck).
  1508 | D:5      | 1508 ||| Stepping randomly (stuck).
  1509 | D:5      | 1509 ||| Stepping randomly (stuck).
  1510 | D:5      | 1510 ||| Stepping randomly (stuck).
  1511 | D:5      | 1511 ||| Stepping randomly (stuck).
  1513 | D:5      | 1513 ||| Stepping randomly (stuck).
  1514 | D:5      | 1514 ||| Stepping randomly (stuck).
  1515 | D:5      | 1515 ||| Stepping randomly (stuck).
  1516 | D:5      | 1516 ||| Stepping randomly (stuck).
  1517 | D:5      | 1517 ||| Stepping randomly (stuck).
  1518 | D:5      | 1518 ||| Stepping randomly (stuck).
  1519 | D:5      | 1519 ||| Stepping randomly (stuck).
  1520 | D:5      | 1520 ||| Stepping randomly (stuck).
  1521 | D:5      | 1521 ||| Stepping randomly (stuck).
  1522 | D:5      | 1522 ||| Stepping randomly (stuck).
  1523 | D:5      | 1523 ||| Stepping randomly (stuck).
  1524 | D:5      | 1524 ||| Stepping randomly (stuck).
  1525 | D:5      | 1525 ||| Stepping randomly (stuck).
  1526 | D:5      | 1526 ||| Stepping randomly (stuck).
  1527 | D:5      | 1527 ||| Stepping randomly (stuck).
  1528 | D:5      | 1528 ||| Stepping randomly (stuck).
  1529 | D:5      | 1529 ||| Stepping randomly (stuck).
  1530 | D:5      | 1530 ||| Stepping randomly (stuck).
  1531 | D:5      | 1531 ||| Stepping randomly (stuck).
  1532 | D:5      | 1532 ||| Stepping randomly (stuck).
  1533 | D:5      | 1533 ||| Stepping randomly (stuck).
  1534 | D:5      | 1534 ||| Stepping randomly (stuck).
  1535 | D:5      | 1535 ||| Stepping randomly (stuck).
  1536 | D:5      | 1536 ||| Stepping randomly (stuck).
  1537 | D:5      | 1537 ||| Stepping randomly (stuck).
  1538 | D:5      | 1538 ||| Stepping randomly (stuck).
  1539 | D:5      | 1539 ||| Stepping randomly (stuck).
  1540 | D:5      | 1540 ||| Stepping randomly (stuck).
  1541 | D:5      | 1541 ||| Stepping randomly (stuck).
  1542 | D:5      | 1542 ||| Stepping randomly (stuck).
  1543 | D:5      | 1543 ||| Stepping randomly (stuck).
  1544 | D:5      | 1544 ||| Stepping randomly (stuck).
  1545 | D:5      | 1545 ||| Stepping randomly (stuck).
  1546 | D:5      | 1546 ||| Stepping randomly (stuck).
  1547 | D:5      | 1547 ||| Stepping randomly (stuck).
  1548 | D:5      | 1548 ||| Stepping randomly (stuck).
  1549 | D:5      | 1549 ||| Stepping randomly (stuck).
  1550 | D:5      | 1550 ||| Stepping randomly (stuck).
  1551 | D:5      | 1551 ||| Stepping randomly (stuck).
  1552 | D:5      | 1552 ||| Stepping randomly (stuck).
  1553 | D:5      | 1553 ||| Stepping randomly (stuck).
  1554 | D:5      | 1554 ||| Stepping randomly (stuck).
  1555 | D:5      | 1555 ||| Stepping randomly (stuck).
  1556 | D:5      | 1556 ||| Stepping randomly (stuck).
  1557 | D:5      | 1557 ||| Stepping randomly (stuck).
  1558 | D:5      | 1558 ||| Stepping randomly (stuck).
  1559 | D:5      | 1559 ||| Stepping randomly (stuck).
  1560 | D:5      | 1560 ||| Stepping randomly (stuck).
  1561 | D:5      | 1561 ||| Stepping randomly (stuck).
  1562 | D:5      | 1562 ||| Stepping randomly (stuck).
  1563 | D:5      | 1563 ||| Stepping randomly (stuck).
  1564 | D:5      | 1564 ||| Stepping randomly (stuck).
  1565 | D:5      | 1565 ||| Stepping randomly (stuck).
  1566 | D:5      | 1566 ||| Stepping randomly (stuck).
  1567 | D:5      | 1567 ||| Stepping randomly (stuck).
  1568 | D:5      | 1568 ||| Stepping randomly (stuck).
  1569 | D:5      | 1569 ||| Stepping randomly (stuck).
  1570 | D:5      | 1570 ||| Stepping randomly (stuck).
  1571 | D:5      | 1571 ||| Stepping randomly (stuck).
  1572 | D:5      | 1572 ||| Stepping randomly (stuck).
  1573 | D:5      | 1573 ||| Stepping randomly (stuck).
  1574 | D:5      | 1574 ||| Stepping randomly (stuck).
  1575 | D:5      | 1575 ||| Stepping randomly (stuck).
  1576 | D:5      | 1576 ||| Stepping randomly (stuck).
  1577 | D:5      | 1577 ||| Stepping randomly (stuck).
  1578 | D:5      | 1578 ||| Stepping randomly (stuck).
  1579 | D:5      | 1579 ||| Stepping randomly (stuck).
  1580 | D:5      | 1580 ||| Stepping randomly (stuck).
  1581 | D:5      | 1581 ||| Stepping randomly (stuck).
  1582 | D:5      | 1582 ||| Stepping randomly (stuck).
  1583 | D:5      | 1583 ||| Stepping randomly (stuck).
  1584 | D:5      | 1584 ||| Stepping randomly (stuck).
  1585 | D:5      | 1585 ||| Stepping randomly (stuck).
  1586 | D:5      | 1586 ||| Stepping randomly (stuck).
  1587 | D:5      | 1587 ||| Stepping randomly (stuck).
  1588 | D:5      | 1588 ||| Stepping randomly (stuck).
  1589 | D:5      | 1589 ||| Stepping randomly (stuck).
  1590 | D:5      | 1590 ||| Stepping randomly (stuck).
  1591 | D:5      | 1591 ||| Stepping randomly (stuck).
  1592 | D:5      | 1592 ||| Stepping randomly (stuck).
  1593 | D:5      | 1593 ||| Stepping randomly (stuck).
  1594 | D:5      | 1594 ||| Stepping randomly (stuck).
  1595 | D:5      | 1595 ||| Stepping randomly (stuck).
  1596 | D:5      | 1596 ||| Stepping randomly (stuck).
  1597 | D:5      | 1597 ||| Stepping randomly (stuck).
  1598 | D:5      | 1598 ||| Stepping randomly (stuck).
  1599 | D:5      | 1599 ||| Stepping randomly (stuck).
  1600 | D:5      | 1600 ||| Stepping randomly (stuck).
  1601 | D:5      | 1601 ||| Stepping randomly (stuck).
  1621 | D:4      | Reached skill level 6 in Ranged Weapons
  2000 | D:3      | 2000 ||| FLEEEEING.
  2001 | D:3      | 2001 ||| FLEEEEING.
  2379 | D:3      | 2379 ||| READING 4 scrolls of identify.
  2379 | D:3      | 2379 ||| IDENTIFYING viscous dark potion
  2380 | D:3      | 2380 ||| READING 3 scrolls of identify.
  2380 | D:3      | 2380 ||| IDENTIFYING fuming green potion
  2381 | D:3      | 2381 ||| READING 2 scrolls of identify.
  2381 | D:3      | 2381 ||| IDENTIFYING amethyst potion
  2382 | D:3      | 2382 ||| DROPPING potion of magic.
  2383 | D:3      | 2383 ||| DROPPING potion of attraction.
  2559 | D:4      | Reached XP level 7. HP: 60/60 MP: 7/7
  2735 | D:4      | Reached skill level 7 in Ranged Weapons
  2796 | D:4      | 2796 ||| READING 2 scrolls labelled GUTOEFI OLELL.
  2797 | D:4      | 2797 ||| READING scroll of enchant weapon.
  2797 | D:4      | 2797 ||| ENCHANTING +3 heavy arbalest.
  2879 | D:5      | Noticed Grinder
  2880 | D:5      | Reached skill level 3 in Dodging
  2888 | D:5      | Found a staircase to the Ecumenical Temple.
  2889 | D:5      | 2889 ||| PLANNING TEMPLE
  2897 | Temple   | Entered the Ecumenical Temple
  2941 | Temple   | 2941 ||| PLANNING OKAWARU WORSHIP
  3012 | Temple   | Became a worshipper of Warmaster Okawaru
  3013 | Temple   | 3013 ||| PLANNING D:1-11
  3054 | D:5      | Reached skill level 8 in Ranged Weapons
  3261 | D:5      | Killed Grinder
  3261 | D:5      | Reached * piety under Okawaru
  3262 | D:5      | Reached skill level 9 in Ranged Weapons
  3262 | D:5      | Reached XP level 8. HP: 68/68 MP: 8/8
  3286 | D:5      | 3286 ||| INVOKING Heroism.
  3331 | D:5      | Noticed Menkaure
  3339 | D:5      | Killed Menkaure
  3511 | D:5      | 3511 ||| DRINKING 2 smoky golden potions.
  3512 | D:5      | 3512 ||| READING 2 scrolls of identify.
  3512 | D:5      | 3512 ||| IDENTIFYING fizzy silvery potion
  3513 | D:5      | 3513 ||| DROPPING potion of lignification.
  3541 | D:6      | 3541 ||| INVOKING Heroism.
  3542 | D:6      | 3542 ||| INVOKING Heroism.
  3548 | D:6      | Reached skill level 6 in Fighting
  3548 | D:6      | 3548 ||| STAIRDANCE
  3554 | D:5      | Reached skill level 1 in Invocations
  3569 | D:6      | 3569 ||| INVOKING Heroism.
  3587 | D:6      | Found a basalt altar of Yredelemnul.
  3595 | D:6      | 3595 ||| INVOKING Heroism.
  3645 | D:6      | Found an ancient bone altar of Kikubaaqudgha.
  3650 | D:6      | Noticed Blork the orc
  3651 | D:6      | 3651 ||| INVOKING Heroism.
  3654 | D:6      | Killed Blork the orc
  3655 | D:6      | Reached skill level 3 in Invocations
  3842 | D:6      | 3842 ||| INVOKING Heroism.
  3934 | D:6      | 3934 ||| INVOKING Heroism.
  4121 | D:6      | Found a burning altar of Makhleb.
  4123 | D:6      | Reached XP level 9. HP: 75/75 MP: 10/10
  4190 | D:6      | 4190 ||| READING 2 scrolls labelled LETWED APRU.
  4191 | D:6      | 4191 ||| READING scroll labelled WOEMNO POACAO.
  4192 | D:6      | 4192 ||| DROPPING scroll of noise.
  4228 | D:7      | 4228 ||| INVOKING Heroism.
  4231 | D:7      | Reached skill level 10 in Ranged Weapons
  4259 | D:7      | 4259 ||| INVOKING Heroism.
  4313 | D:7      | 4313 ||| INVOKING Heroism.
  4315 | D:7      | 4315 ||| Stepping ~*~*~tactically~*~*~ (cloud).
  4406 | D:7      | 4406 ||| INVOKING Heroism.
  4481 | D:7      | Found a glowing silver altar of Zin.
  4508 | D:7      | 4508 ||| INVOKING Heroism.
  4546 | D:7      | 4546 ||| INVOKING Heroism.
  4934 | D:7      | Found a sacrificial altar of Ru.
  4976 | D:7      | Reached skill level 11 in Ranged Weapons
  5016 | D:7      | 5016 ||| DROPPING scarf of shadows.
  5039 | D:8      | 5039 ||| PLANNING OSSUARY
  5101 | D:8      | Found a sand-covered staircase.
  5102 | D:8      | 5102 ||| DROPPING ring of positive energy.
  5103 | D:8      | 5103 ||| READING 2 scrolls of identify.
  5103 | D:8      | 5103 ||| IDENTIFYING orange potion
  5108 | Ossuary  | Entered an ossuary
  5209 | Ossuary  | Reached skill level 6 in Dodging
  5236 | Ossuary  | 5236 ||| DRINKING 3 sapphire potions.
  5237 | Ossuary  | 5237 ||| DRINKING 4 potions of curing.
  5237 | Ossuary  | 5237 ||| (to cure confusion)
  5238 | Ossuary  | 5238 ||| DRINKING 3 black potions.
  5238 | Ossuary  | Gained mutation: You occasionally lose the ability to read
                  | scrolls when taking damage. [potion of mutation]
  5238 | Ossuary  | Gained mutation: Your flesh is heat resistant. (rF+)
                  | [potion of mutation]
  5239 | Ossuary  | 5239 ||| DRINKING 2 potions of mutation.
  5239 | Ossuary  | Lost mutation: Your flesh is heat resistant. (rF+) [potion
                  | of mutation]
  5239 | Ossuary  | Lost mutation: You occasionally lose the ability to read
                  | scrolls when taking damage. [potion of mutation]
  5239 | Ossuary  | Gained mutation: You occasionally lose the ability to drink
                  | potions when taking damage. [potion of mutation]
  5239 | Ossuary  | Gained mutation: Your mind is acute. (Int +4, Str/Dex -1)
                  | [potion of mutation]
  5239 | Ossuary  | Gained mutation: Your mind is very acute. (Int +8, Str/Dex
                  | -2) [potion of mutation]
  5239 | Ossuary  | Gained mutation: Your muscles are strong. (Str +4, Int/Dex
                  | -1) [potion of mutation]
  5240 | Ossuary  | 5240 ||| DRINKING potion of mutation.
  5240 | Ossuary  | Lost mutation: You occasionally lose the ability to drink
                  | potions when taking damage. [potion of mutation]
  5240 | Ossuary  | Lost mutation: Your muscles are strong. (Str +4, Int/Dex
                  | -1) [potion of mutation]
  5240 | Ossuary  | Gained mutation: You have a pair of large horns on your
                  | head. [potion of mutation]
  5240 | Ossuary  | Gained mutation: You are weak. (Str -2) [potion of
                  | mutation]
  5240 | Ossuary  | Gained mutation: You have sharp toenails. [potion of
                  | mutation]
  5241 | Ossuary  | 5241 ||| DRINKING 3 dark potions.
  5242 | Ossuary  | 5242 ||| READING 4 scrolls of identify.
  5242 | Ossuary  | 5242 ||| IDENTIFYING fizzy ruby potion
  5243 | Ossuary  | 5243 ||| READING 3 scrolls of identify.
  5243 | Ossuary  | 5243 ||| IDENTIFYING grey potion
  5244 | Ossuary  | 5244 ||| READING 2 scrolls of identify.
  5244 | Ossuary  | 5244 ||| IDENTIFYING inky potion
  5245 | Ossuary  | 5245 ||| DROPPING potion of berserk rage.
  5246 | Ossuary  | 5246 ||| DROPPING 2 potions of ambrosia.
  5247 | Ossuary  | 5247 ||| DROPPING potion of invisibility.
  5255 | D:8      | 5255 ||| PLANNING D:1-11
  5323 | D:8      | Noticed Gastronok
  5324 | D:8      | 5324 ||| INVOKING Heroism.
  5328 | D:8      | Killed Gastronok
  5328 | D:8      | Reached ** piety under Okawaru
  5328 | D:8      | Reached *** piety under Okawaru
  5329 | D:8      | Reached skill level 12 in Ranged Weapons
  5329 | D:8      | Reached XP level 10. HP: 86/86 MP: 9/12
  5345 | D:8      | Found a broken altar of Ashenzari.
  5424 | D:8      | 5424 ||| Stepping ~*~*~tactically~*~*~ (cloud).
  5428 | D:8      | 5428 ||| INVOKING Heroism.
  5434 | D:8      | 5434 ||| Stepping ~*~*~tactically~*~*~ (cloud).
  5678 | D:8      | Found a stormy altar of Qazlal.
  5770 | D:8      | Found a hazy altar of Hepliaklqana.
  5771 | D:8      | Found a shimmering altar of Xom.
  5772 | D:8      | Noticed a two-headed ogre
  5944 | D:8      | 5944 ||| INVOKING Heroism.
  5984 | D:8      | 5984 ||| READING scroll labelled XUVA ULIU.
  6082 | D:9      | Reached skill level 13 in Ranged Weapons
  6164 | D:9      | 6164 ||| INVOKING Heroism.
  6165 | D:9      | Noticed Erolcha
  6177 | D:9      | Reached skill level 9 in Fighting
  6184 | D:9      | 6184 ||| INVOKING Heroism.
  6186 | D:9      | Killed Erolcha
  6223 | D:9      | 6223 ||| INVOKING Heroism.
  6231 | D:9      | Reached skill level 14 in Ranged Weapons
  6234 | D:9      | 6234 ||| INVOKING Heroism.
  6311 | D:9      | 6311 ||| INVOKING Heroism.
  6414 | D:9      | Noticed Erica
  6415 | D:9      | 6415 ||| INVOKING Heroism.
  6418 | D:9      | Killed Erica
  6478 | D:9      | Reached XP level 11. HP: 97/97 MP: 13/13
  6496 | D:9      | 6496 ||| INVOKING Heroism.
  6539 | D:9      | 6539 ||| READING scroll of acquirement.
  6539 | D:9      | 6539 ||| ACQUIRING +3 triple crossbow of flaming
  6539 | D:9      | Acquired a +3 triple crossbow of flaming
  6541 | D:9      | 6541 ||| SWAPPING to +3 triple crossbow of flaming.
  6542 | D:9      | 6542 ||| DROPPING +4 heavy arbalest.
  6552 | D:9      | 6552 ||| INVOKING Heroism.
  6565 | D:9      | Found a staircase to the Lair.
  6692 | D:9      | Found a staircase to the Orcish Mines.
  6917 | D:9      | 6917 ||| PLANNING LAIR
  6917 | D:9      | 6917 ||| READING scroll labelled XOBLUS IDIFO.
  6956 | Lair:1   | Entered Level 1 of the Lair of Beasts
  6976 | Lair:1   | Noticed a boulder beetle
  6977 | Lair:1   | 6977 ||| INVOKING Heroism.
  6980 | Lair:1   | Killed a boulder beetle
  7046 | Lair:1   | Reached **** piety under Okawaru
  7057 | Lair:1   | 7057 ||| INVOKING Heroism.
  7069 | Lair:1   | 7069 ||| INVOKING Heroism.
  7069 | Lair:1   | HP: 16/99 [yak[a torpor snail] (14)]
  7069 | Lair:1   | Slain by a torpor snail

Levels and vault maps discovered:
D:1:      heliophobic_arrival_glass_houses, layout_basic,
          wad_floor_pattern_untrapped
D:2:      layout_loops_cross, serial_shops, shop, uniq_natasha, uniq_terence
D:3:      cheibrodos_thug_alley, layout_basic, mainiacjoe_overflow_paths
D:4:      corexii_shack_village, layout_basic
D:5:      layout_rooms, minmay_temple_entry_ruins, uniq_grinder, uniq_duvessa,
          uniq_menkaure
D:6:      layout_cave_pools, mainiacjoe_overflow_surrounded_room,
          makhleb_grotto_becter, mainiacjoe_overflow_small_starburst,
          serial_rivers, chequers_serial_rivers_small_a,
          chequers_serial_rivers_micro_a, chequers_serial_rivers_micro_c,
          chequers_serial_rivers_room_b, uniq_blork_the_orc
D:7:      layout_loops_ring, nicolae_ru_path_of_blood, lemuel_tele_altar,
          minmay_fractal_squares_diagonal_5
D:8:      layout_loops_ring, regret_index_temple_of_mockery,
          amcnicky_altar_gilded, kennysheep_mini, enter_ossuary_2,
          uniq_gastronok
D:9:      layout_long_grid, due_lair_maze_entry_diamond, uniq_erolcha,
          uniq_erica
Temple:   kb_temple_of_zot
Lair:1:   layout_layer_cave

Skill      XL: |  1  2  3  4  5  6  7  8  9 10 11 |
---------------+----------------------------------+-----
Ranged Weapons | 3 4 5 6 9 12 14 | 14.7
Fighting       | 2 4 5 6 7 9 10 | 10.0
Armour         | 2 |  2.2
Dodging        | 3 4 6 7 |  7.3
Invocations    | 3 4 |  4.2
Spellcasting   | |  1.0
Hexes          | |  2.0

Action                     |  1- 3 |  4- 6 |  7- 9 | 10-12 || total
---------------------------+-------+-------+-------+-------++-------
   Fire: Sling             |    34 |       |       |       ||    34
         Arbalest          |    14 |    78 |   174 |    77 ||   343
         Triple crossbow   |       |       |       |    33 ||    33
 Invoke: Heroism           |       |       |    14 |    13 ||    27
    Use: Scroll            |     3 |     9 |     9 |     3 ||    24
         Potion            |       |       |     7 |       ||     7
 Armour: Ring mail         |     1 |       |       |       ||     1
         Robe              |       |     4 |    26 |     9 ||    39
  Dodge: Dodged            |     8 |    17 |   113 |   104 ||   242

Table legend:
 A = Non-vault XP
 B = Vault XP
 C = Vault XP percentage of total XP
 D = Non-vault monster count
 E = Vault monster count
 F = Vault count percentage of total count
                 A         B        C        D         E       F
            +---------+---------+-------+---------+---------+-------
      Total |    7664 |    6248 |  44.9 |     155 |      77 |  33.2
            +---------+---------+-------+---------+---------+-------
        D:1 |      26 |       0 |   0.0 |      12 |       0 |   0.0
        D:2 |      84 |      71 |  45.8 |      10 |       2 |  16.7
        D:3 |      47 |     116 |  71.2 |      13 |      11 |  45.8
        D:4 |     109 |      10 |   8.4 |      19 |       7 |  26.9
        D:5 |     771 |     681 |  46.9 |      17 |       4 |  19.0
        D:6 |     778 |     146 |  15.8 |      20 |       2 |   9.1
        D:7 |    1011 |     406 |  28.7 |      14 |       5 |  26.3
        D:8 |     941 |    1351 |  58.9 |      14 |       1 |   6.7
        D:9 |    1134 |    3224 |  74.0 |      26 |      13 |  33.3
     Lair:1 |    2763 |       0 |   0.0 |      10 |       0 |   0.0
    Ossuary |       0 |     243 | 100.0 |       0 |      32 | 100.0
            +---------+---------+-------+---------+---------+-------
